 Dungeon Crawl Stone Soup version 0.18-a0-1220-g2dc6208 (webtiles) character file.

103 Reinor the Digger (level 4, 0/27 HPs)
             Began as an Octopode Earth Elementalist on Feb 3, 2016.
             Slain by a jackal (3 damage)
             ... on level 2 of the Dungeon.
             The game lasted 00:10:20 (3191 turns).

Reinor the Digger (Octopode Earth Elementalist)     Turns: 3191, Time: 00:10:20

Health: 0/27       AC:  1    Str:  7    XL:     4   Next: 79%
Magic:  0/8        EV: 12    Int: 17    God:
Gold:   117        SH:  0    Dex: 13    Spells: 3 memorised, 3 levels left

rFire  . . .     SeeInvis .     (no weapon)
rCold  . . .     Gourm    .     (no shield)
rNeg   . . .     Faith    .     (helmet restricted)
rPois  .         Spirit   .     (no amulet)
rElec  .         Dismiss  .     k - ring of resist corrosion
rCorr  +         Reflect  .     (no ring)
SustAt .         Harm     .     (no ring)
MR     .....                    (no ring)
Stlth  +++.......               (no ring)
                                (no ring)
                                (no ring)
                                (no ring)

@: not resistant to hostile enchantments, fairly stealthy
A: almost no armour, amphibious, 8 rings, constrict 8, camouflage 1, gelatinous
body 1
a: no special abilities


You were on level 2 of the Dungeon.
You were not hungry.

You visited 1 branch of the dungeon, and saw 2 of its levels.

You collected 117 gold pieces.

Inventory:

Missiles
 a - 43 stones (quivered)
Jewellery
 k - a ring of resist corrosion (left tentacle)
Scrolls
 f - 2 scrolls of identify {unknown}
 h - a scroll of fog {unknown}
 i - 2 scrolls of magic mapping {unknown}
 j - a scroll of teleportation {unknown}
 l - a scroll of immolation {unknown}
Potions
 d - a potion of brilliance {unknown}
 e - a potion of curing
 n - a potion of haste {unknown}
Books
 b - a book of Geomancy

   Spells                             Type                      Level
   a - Sandblast                      Earth                        1
   b - Stoneskin                      Transmutation/Earth          2
   c - Passwall                       Transmutation/Earth          3
   d - Stone Arrow                    Conjuration/Earth            3
   e - Petrify                        Transmutation/Earth          4
   f - Lee's Rapid Deconstruction     Earth                        5
Comestibles
 c - a bread ration
 g - a slice of pizza
 m - 4 chunks of flesh


   Skills:
 - Level 2.0 Dodging
 - Level 2.6 Stealth
 + Level 3.2 Spellcasting
 - Level 1.0 Transmutations
 + Level 4.4 Earth Magic


You had 3 spell levels left.
You knew the following spells:

 Your Spells              Type           Power        Failure   Level  Hunger
a - Sandblast             Erth           ###...       2%          1    None
b - Stoneskin             Trmt/Erth      ##......     10%         2    ##.....
c - Stone Arrow           Conj/Erth      ##....       21%         3    ###....


Dungeon Overview and Level Annotations

Branches:
Dungeon (2/15)

Altars:
Fedhas
Kikubaaqudgha
Yredelemnul
Zin


Innate Abilities, Weirdness & Mutations

You cannot wear most types of armour.
You are amphibious.
You can wear up to eight rings at the same time.
You can use your tentacles to constrict eight enemies at once.
Your skin changes colour to match your surroundings (Stealth).
Your rubbery body absorbs attacks (AC +1).


Message History

The blast of sand misses the jackal.
The jackal barely misses you. x2
Casting: Sandblast
Confirm with . or Enter, or press ? or * to list all spells.
Aiming: Sandblast
Press: ? - help, Shift-Dir - straight line, f/p - jackal
Aim: a jackal The blast of sand hits the jackal.
The jackal bites you.
* * * LOW HITPOINT WARNING * * *
You barely miss the jackal. Your grab misses the jackal. The jackal bites you.
* * * LOW HITPOINT WARNING * * *
The jackal misses you.
You tentacle-slap the jackal but do no damage.
Your grab misses the jackal. The jackal completely misses you.
Casting: Sandblast
Confirm with . or Enter, or press ? or * to list all spells.
Aiming: Sandblast
Press: ? - help, Shift-Dir - straight line, f/p - jackal
Aim: a jackal The blast of sand misses the jackal.
The jackal bites you.
You die...

....# #.........#.# ....#
#.........#.# ....#
#.........#'### ....#
#######.......# #####
##......# ...# #......#
...####### #......# ...#.....#
#......# ...#.....# ##@#+###
...#.....# #h#.# ...#.....#
#...# ####.....# ##..# #
#.....# #..############## #
#.....########................
#
###'#........'.>.......#######
# #.##########....###### # #.#
#....#


You could see a jackal.

Vanquished Creatures
  5 adders (D:2)
  A giant gecko (D:1)
  A ball python (D:1)
  2 giant cockroaches
  6 hobgoblins
  10 jackals (D:2)
  3 kobolds
  A quokka (D:2)
  4 bats
  5 giant newts
  8 goblins
  9 rats
55 creatures vanquished.

Vanquished Creatures (others)
  A fungus (D:2)
1 creature vanquished.

Grand Total: 56 creatures vanquished

Notes
Turn   | Place    | Note
--------------------------------------------------------------
     0 | D:1      | Reinor the Octopode Earth Elementalist began the quest for the Orb.
     0 | D:1      | Reached XP level 1. HP: 11/11 MP: 3/3
   347 | D:1      | Reached XP level 2. HP: 9/17 MP: 5/5
   507 | D:1      | Learned a level 2 spell: Stoneskin
  1247 | D:1      | Reached XP level 3. HP: 19/21 MP: 6/6
  1729 | D:2      | Learned a level 3 spell: Stone Arrow
  2018 | D:2      | Reached skill level 4 in Earth Magic
  2076 | D:2      | Reached XP level 4. HP: 27/27 MP: 4/8
  2104 | D:2      | Found a glowing silver altar of Zin.
  2104 | D:2      | Found a blossoming altar of Fedhas.
  2105 | D:2      | Found a basalt altar of Yredelemnul.
  2790 | D:2      | Found an ancient bone altar of Kikubaaqudgha.
  3191 | D:2      | Slain by a jackal

Vault maps used:
D:1:      matt_arrival_spirals, hangedman_decor_push
D:2:      old_standard_altar, gammafunk_temple_overflow_claw,
          uniq_crazy_yiuf_cottage

Action                   |  1- 3 |  4- 6 || total
-------------------------+-------+-------++-------
Melee: Unarmed           |    80 |    76 ||   156
Throw: Stone             |     1 |       ||     1
 Cast: Sandblast         |    11 |    10 ||    21
       Stoneskin         |       |     1 ||     1
  Use: Potion            |     1 |     1 ||     2
 Stab: Sleeping          |    17 |     4 ||    21
  Eat: Chunk             |     4 |     3 ||     7
